AoeStats
← Lord_Wilfredo

Arabia

504339004Analyzed
1v1 RM · 28d ago on Sep 4, 2026· 37m 42s· 2 players
Game mode
Random Map
Map size
Tiny (2 player)
Population
200
Speed
Normal
Resources
Standard
Victory
Conquest
Starting age
Dark Age
Ending age
Imperial Age
RankedLock teamsTeams togetherTeam positionsShared explorationLock speedFull tech treeHidden civsTurbo modeCheats
Victory
Defeat
🇨🇳 Bengalis · China
1307
+14
🇦🇷 Mongols · Argentina
1269
-14
Lord_Wilfredo
6:10 Loom
9:02 Feudal Age
10:30 Double-Bit Axe
18:12 Fletching
21:07 Castle Age
20:30 Forging
21:16 Bloodlines
21:13 Crossbowman
33:56 Bow Saw
35:01 Scale Barding Armor
35:33 Iron Casting
40:29 Imperial Age
Yo
6:41 Loom
8:42 Feudal Age
10:12 Double-Bit Axe
10:07 Horse Collar
10:37 Horse Collar
16:10 Wheelbarrow
16:43 Gold Mining
19:25 Castle Age
17:52 Scale Barding Armor
18:19 Bloodlines
18:35 Forging
20:31 Chain Barding Armor
22:58 Bow Saw
24:08 Husbandry
27:38 Fletching
27:48 Padded Archer Armor
28:57 Heavy Plow
30:35 Hand Cart
30:24 Town Watch
31:08 Ballistics
31:03 Bodkin Arrow
31:36 Stone Mining
32:24 Gold Shaft Mining
32:35 Leather Archer Armor
32:23 Devotion
34:52 Treadmill Crane
35:23 Masonry
36:40 Paiks
Connection lost

Rejoining the realm…

Still unreachable

The connection could not be restored.

Session expired

The server has moved on; the page needs a fresh start.